 Dungeon Crawl Stone Soup version 0.20-a0-1117-g62da73f (webtiles) character file.

171 seren the Cudgeler (level 5, -7/33 HPs)
             Began as a Gargoyle Fighter on May 9, 2017.
             Mangled by Crazy Yiuf
             ... wielding a +4 quarterstaff of chaos
              (9 damage)
             ... on level 3 of the Dungeon.
             The game lasted 00:06:15 (2164 turns).

seren the Cudgeler (Gargoyle Fighter)               Turns: 2164, Time: 00:06:16

Health: -7/33      AC: 12    Str: 20    XL:     5   Next: 51%
Magic:  3/5        EV:  9    Int:  8    God:
Gold:   117        SH:  0    Dex: 10    Spells: 4/4 levels left

rFire    . . .     SeeInvis .   a - +0 whip
rCold    . . .     Gourm    .   (no shield)
rNeg     + . .     Faith    .   m - +0 scale mail
rPois    ∞         Spirit   .   (no helmet)
rElec    +         Reflect  .   (no cloak)
rCorr    .         Harm     .   p - +0 pair of gloves
MR       .....                  (no boots)
Stlth    ..........             (no amulet)
Regen    0.2/turn               (no ring)
MPRegen  0.1/turn               (no ring)

@: hasted and slowed
A: negative energy resistance 1, electricity resistance, unbreathing,
petrification resistance, rot immunity, AC +4
a: no special abilities


You were on level 3 of the Dungeon.
You were not hungry.

You visited 1 branch of the dungeon, and saw 3 of its levels.

You collected 117 gold pieces.

Inventory:

Hand Weapons
 a - a +0 whip (weapon)
 b - a +0 hunting sling
 g - a +0 flail
Missiles
 u - 145 stones (quivered)
 w - 52 sling bullets
Armour
 c - a +0 shield
 m - a +0 scale mail (worn)
 p - a +0 pair of gloves (worn)
Scrolls
 h - 4 scrolls of immolation {unknown}
 i - 2 scrolls of identify {unknown}
 j - a scroll of enchant weapon {unknown}
 l - 2 scrolls of teleportation {unknown}
 o - a scroll of recharging {unknown}
 q - a scroll of fog {unknown}
Potions
 d - 2 potions of might
 e - a potion of haste
 r - a potion of resistance {unknown}
 t - a potion of brilliance {unknown}
 v - a potion of berserk rage {unknown}
 x - a potion of ambrosia {unknown}
 z - a potion of curing {unknown}
Comestibles
 f - 2 bread rations
 k - a meat ration
 n - 8 chunks of flesh
 s - a royal jelly


   Skills:
 - Level 4.2 Fighting
 * Level 4.9 Maces & Flails
 - Level 3.2 Armour
 - Level 3.2 Shields


You had 4 spell levels left.
You didn't know any spells.

Dungeon Overview and Level Annotations

Branches:
Dungeon (3/15)

Altars:

Annotations:
D:3 Crazy Yiuf


Innate Abilities, Weirdness & Mutations

You are resistant to torment.
Your stone body is resilient. (AC +4)
You are immune to poison.
You resist negative energy. (rN+)
You are resistant to electric shocks. (rElec)
You can survive without breathing.
You are immune to petrification.
You are immune to rotting.


Message History

Crazy Yiuf closely misses you.
Your scale mail prevents you from hitting Crazy Yiuf.
Crazy Yiuf is severely wounded.
Crazy Yiuf closely misses you.
You hit Crazy Yiuf but do no damage.
Crazy Yiuf is severely wounded.
Crazy Yiuf hits you with a quarterstaff of chaos.
* * * LOW HITPOINT WARNING * * *
You feel your power leaking away.
Crazy Yiuf hits you with a quarterstaff of chaos.
* * * LOW HITPOINT WARNING * * *
It was a potion of haste.
You feel yourself speed up. Crazy Yiuf barely misses you.
You closely miss Crazy Yiuf.
Crazy Yiuf is severely wounded.
Crazy Yiuf hits you but does no damage.
You hit Crazy Yiuf but do no damage.
Crazy Yiuf is severely wounded.
Crazy Yiuf hits you with a quarterstaff of chaos!
You die...

.#.......###.......#
.......#..##.......#
........#.#.......##
........###########
...#....# ........#
...#.####### ###
........#..## ###..)#
............####@g.((#
.....#.......#..##...#
#####
###.....#...#.### ###
#...# #....##.#######
#...# .....##.# #...#
.....######
########...# ......#
#.# #...÷......#
....#.###.##
#..........#
....#..#...#
#.##########


You could see Crazy Yiuf.

Vanquished Creatures
  An orc priest (D:3)
  5 adders
  An ooze (D:3)
  4 dart slugs
  A leopard gecko (D:2)
  7 orcs (D:3)
  7 giant cockroaches
  9 goblins
  7 hobgoblins
  6 jackals
  A quokka (D:3)
  7 bats
  8 frilled lizards
  3 kobolds
  9 rats
76 creatures vanquished.

Notes
Turn   | Place    | Note
-------+----------+-------------------------------------------
     0 | D:1      | seren the Gargoyle Fighter began the quest for the Orb.
     0 | D:1      | Reached XP level 1. HP: 14/14 MP: 1/1
   122 | D:1      | Reached XP level 2. HP: 19/19 MP: 2/2
   560 | D:1      | Reached XP level 3. HP: 24/24 MP: 3/3
  1109 | D:2      | Reached XP level 4. HP: 24/29 MP: 4/4
  1838 | D:3      | Reached XP level 5. HP: 29/33 MP: 5/5
  1915 | D:3      | Found a runed door.
  2151 | D:3      | Noticed Crazy Yiuf
  2164 | D:3      | Mangled by Crazy Yiuf

Vault maps used:
D:1:      kennysheep_arrival_forest
D:3:      uniq_crazy_yiuf_cottage

Skill      XL: |  1  2  3  4 |
---------------+-------------+-----
Fighting       | 4 |  4.2
Maces & Flails | 3 4 |  4.9
Armour         | |  3.2
Shields        | |  3.2

Action                   |  1- 3 |  4- 6 || total
-------------------------+-------+-------++-------
Melee: Whip              |   159 |   107 ||   266
 Fire: Hunting sling     |     5 |    41 ||    46
  Use: Potion            |       |     1 ||     1
  Eat: Chunk             |     1 |     3 ||     4
Armor: Scale mail        |    86 |    65 ||   151
Dodge: Dodged            |    71 |    71 ||   142
Block: Shield            |    57 |       ||    57
